 Dungeon Crawl Stone Soup version 0.26.1-11-gd32895ea62 (webtiles) character file.

Game seed: 17537304993618910177

29 H0rd4k the Insei (level 3, -3/23 HPs)
             Began as an Octopode Transmuter on May 10, 2021.
             Killed from afar by Sigmund (7 damage)
             ... with a magic dart
             ... on level 2 of the Dungeon.
             The game lasted 00:01:02 (1082 turns).

H0rd4k the Insei (Octopode Transmuter)              Turns: 1082, Time: 00:01:02

Health: -3/23      AC:  1    Str:  9    XL:     3   Next: 16%
Magic:  6/6        EV: 13    Int: 16    God:
Gold:   24         SH:  0    Dex: 12    Spells: 2/6 levels left

rFire    . . .     SeeInvis .     - Unarmed
rCold    . . .     Faith    .   (no shield)
rNeg     . . .     Spirit   .   (helmet restricted)
rPois    .         Reflect  .   (no amulet)
rElec    .         Harm     .   (no ring)
rCorr    .         Rampage  .   (no ring)
Will     .....                  (no ring)
Stlth    ++........             (no ring)
HPRegen  0.07/turn              (no ring)
MPRegen  0.10/turn              (no ring)
                                (no ring)
                                (no ring)

@: no status effects
A: almost no armour, stealthy swim, amphibious, 8 rings, constrict 8, camouflage
1, gelatinous body 1
a: no special abilities


You were on level 2 of the Dungeon.
You visited 1 branch of the dungeon, and saw 2 of its levels.

You collected 24 gold pieces.

Inventory:

Missiles
 f - 11 poisoned darts
Scrolls
 b - 2 scrolls of teleportation {unknown}
 c - a scroll of remove curse {unknown}
Potions
 a - a potion of curing {unknown}
 d - a potion of degeneration {unknown}
 e - a potion of haste {unknown}


   Skills:
 + Level 1.0 Fighting
 + Level 2.2 Dodging
 + Level 3.7 Unarmed Combat
 * Level 2.1 Spellcasting
 * Level 2.2 Transmutations
 * Level 0.3 Poison Magic


You had 2 spell levels left.
You knew the following spells:

 Your Spells              Type           Power        Failure   Level
a - Beastly Appendage     Tmut           18%          9%          1
b - Spider Form           Tmut/Pois      2%           36%         3

Your spell library contained the following spells:

 Spells                   Type           Power        Failure   Level
 Wereblood                Tmut           9%           12%         2
 Ice Form                 Ice/Tmut       5%           77%         4
 Blade Hands              Tmut           4%           92%         5


Dungeon Overview and Level Annotations

Branches:
Dungeon (2/15)

Altars:

Annotations:
D:2 Sigmund


Innate Abilities, Weirdness & Mutations

You cannot wear most types of armour.
You are very stealthy in the water. (Stealth+)
You are amphibious.
You can wear up to eight rings at the same time.
You can use your tentacles to constrict eight enemies at once.
Your skin changes colour to match your surroundings (Stealth+).
Your rubbery body absorbs attacks. (AC +1, EV +1)


Message History

There are monsters nearby!
A kobold comes into view. It is wielding a +0 whip.
Sigmund points at himself and mumbles some strange words.
Sigmund flickers and vanishes!
Deactivating autopickup; reactivate with Ctrl-A.
Found a stone staircase leading down.
There are monsters nearby!
A kobold comes into view. It is wielding a +0 short sword.
The bat hits you. Something hits you!
You see here a mace.
You closely miss the bat.
The kobold shouts! x2
You grab the bat. You squeeze the bat.
You kill the bat!
You hear an angry hiss.
Something hits you!
* * * LOW HITPOINT WARNING * * *
A magic dart appears from out of thin air!
The magic dart hits you!
You die...

...###''###.......
#≈≈..≈≈#.######
#≈♣♣.♣≈#.#
#≈..♣♣≈#.#
#≈♣♣..≈#.#
#≈♣.♣♣≈#..
#)≈..≈≈###
###''####
#.@.#.#####
#...!.....#
#...{.....#
#...).....#
#....K....#
#.........#
#..K...>..#
#.........#
#.........#


You could see 2 kobolds.

Vanquished Creatures
  An ooze (D:1)
  A ball python (D:1)
  A giant cockroach (D:1)
  4 goblins
  5 hobgoblins (D:1)
  2 bats
  3 frilled lizards (D:1)
  2 kobolds (D:1)
  5 rats (D:1)
24 creatures vanquished.

Notes
Turn   | Place    | Note
-------+----------+-------------------------------------------
     0 | D:1      | H0rd4k the Octopode Transmuter began the quest for the Orb.
     0 | D:1      | Reached XP level 1. HP: 13/13 MP: 3/3
   198 | D:1      | Reached XP level 2. HP: 13/18 MP: 5/5
   704 | D:1      | Reached XP level 3. HP: 21/23 MP: 6/6
   713 | D:1      | Learned a level 3 spell: Spider Form
  1073 | D:2      | Noticed Sigmund
  1082 | D:2      | Killed from afar by Sigmund

Illustrated notes

Levels and vault maps discovered:
D:1:      saegor_arrival_simple_b, layout_basic
D:2:      layout_basic, kennysheep_generic_room_12, uniq_sigmund

Action                   || total
-------------------------++-------
Melee: Unarmed           ||    53
       Constrict         ||    12
       Tentacles         ||     9
 Stab: Sleeping          ||     4
Armor: Skin              ||     3
Dodge: Dodged            ||    18
